Map: Blackpink LE

Players

Zest

  • Race: Protoss Protoss
  • Spawn Location: 7:00

Serral - Winner!

  • Race: Zerg Zerg
  • Spawn Location: 1:00

Event: IEM Season 12 - Katowice

VOD

Have the link to the VOD?

Description

Time

  • Played on: March 2, 2018, 10:45 a.m.
  • Length: 16:57

All games in this series

Show
View Real Time Build Order
Export as new Build Order

Zest Protoss 

Build Orders: 1 Gate Expand, Oracle Opening, Archon Immortal, Zealot Archon, Archon Drop 

Get SALT Encoding   

  12  0:00  Probe  
  13  0:12  Probe  
  14  0:18  Pylon  
  14  0:24  Probe (Chrono Boost)  
  15  0:37  Probe (Chrono Boost)  
  15  0:39  Gateway  
  16  0:45  Probe (Chrono Boost)  
  16  0:46  Assimilator  
  17  0:51  Probe  
  18  1:03  Probe  
  19  1:15  Probe  
  20  1:22  Nexus  
  20  1:32  Cybernetics Core  
  20  1:35  Probe  
  21  1:41  Assimilator  
  21  1:47  Probe  
  21  1:51  Pylon  
  22  2:00  Probe  
  23  2:07  Adept (Chrono Boost)  
  23  2:11  Stargate  
  23  2:13  Probe  
  26  2:20  Warp Gate  
  26  2:25  Adept (Chrono Boost), Probe  
  29  2:34  Probe  
  30  2:37  Probe  
  30  2:44  Adept  
  31  2:46  Probe  
  31  2:49  Probe  
  35  2:54  Oracle (Chrono Boost)  
  35  2:58  Probe  
  39  3:02  Probe  
  40  3:10  Probe  
  41  3:14  Probe  
  38  3:22  Probe, Shield Battery  
  38  3:23  Gateway  
  38  3:24  Oracle (Chrono Boost)  
  42  3:31  Probe  
  45  3:35  Probe  
  46  3:50  Assimilator  
  46  3:51  Pylon  
  46  3:52  Assimilator  
  46  3:53  Probe x2  
  46  3:56  Robotics Facility  
  45  4:03  Twilight Council  
  45  4:05  Probe  
  45  4:09  Probe  
  47  4:10  Pylon  
  47  4:27  Charge (Chrono Boost)  
  47  4:28  Probe x2 (Chrono Boost), Gateway, Stalker  
  47  4:29  Gateway  
  51  4:38  Probe x2 (Chrono Boost)  
  53  4:43  Probe (Chrono Boost)  
  53  4:45  Pylon  
  54  4:51  Templar Archives  
  54  5:02  Pylon  
  54  5:03  Probe  
  55  5:10  Gateway  
  55  5:11  Gateway x2  
  55  5:12  Gateway, Warp Prism (Chrono Boost)  
  55  5:19  Zealot  
  59  5:21  Zealot  
  61  5:33  Pylon  
  61  5:38  Probe  
  61  5:50  High Templar x4  
  61  5:51  Nexus  
  61  5:54  Archon x2  
  69  5:58  Pylon  
  69  6:00  Probe x2  
  69  6:02  Observer  
  72  6:32  Zealot, Sentry x3  
  78  6:33  Zealot x2  
  78  6:37  Pylon  
  78  6:38  Probe  
  78  6:39  Pylon  
  85  6:56  Immortal (Chrono Boost)  
  85  6:58  Zealot x2  
  85  6:59  Zealot x5  
  99  7:14  Psionic Storm  
  99  7:21  Probe x2  
  101  7:25  Immortal (Chrono Boost)  
  101  7:26  Probe  
  101  7:28  Pylon  
  106  7:33  Probe x2  
  106  7:36  Assimilator  
  108  7:38  Probe, Assimilator  
  108  7:40  Pylon  
  108  7:41  Pylon  
  109  7:46  Probe x2  
  109  7:49  Pylon  
  109  7:50  Probe  
  112  7:54  Immortal (Chrono Boost)  
  112  7:55  Forge  
  116  7:58  Probe x2  
  116  8:00  High Templar x4  
  116  8:04  Probe, Shield Battery  
  127  8:10  Probe x2  
  129  8:22  Robotics Facility  
  129  8:23  Immortal (Chrono Boost)  
  133  8:28  Protoss Ground Weapons Level 1 (Chrono Boost)  
  133  8:30  Photon Cannon  
  133  8:34  Nexus  
  133  8:37  Pylon  
  133  8:45  Pylon  
  133  8:51  Gateway x2  
  133  8:52  Immortal (Chrono Boost)  
  137  9:11  Photon Cannon  
  137  9:15  High Templar x4  
  145  9:22  Immortal x2, Photon Cannon  
  153  9:25  Zealot, Photon Cannon  
  155  9:35  Pylon  
  155  9:46  Stargate  
  155  10:00  Photon Cannon  
  155  10:02  Pylon, Zealot x4  
  155  10:03  Zealot  
  165  10:12  Observer x2  
  165  10:13  High Templar x3  
  165  10:14  High Templar  
  175  10:16  Archon  
  175  10:17  Archon  
  174  10:26  Stalker x3  
  174  10:28  Photon Cannon  
  180  10:31  Photon Cannon  
  173  10:42  Stalker x2  
  154  10:55  Archon  
  148  10:59  Phoenix (Chrono Boost)  
  106  11:19  Probe  
  106  11:20  Probe x2, Phoenix (Chrono Boost)  
  106  11:23  Pylon  
  106  11:25  Zealot x4, High Templar x2  
  113  11:26  Zealot  
  125  11:34  Phoenix (Chrono Boost)  
  125  11:49  Archon  
  125  11:50  Phoenix (Chrono Boost)  
  127  11:58  Zealot x4  
  135  12:06  Phoenix (Chrono Boost)  
  135  12:29  High Templar  
  133  12:30  Probe x3  
  133  12:33  Zealot  
  133  12:34  Zealot x6  
  150  12:42  Nexus  
  146  12:45  Pylon  
  144  12:56  High Templar x4  
  152  13:00  Archon  
  152  13:01  Archon  
  152  13:17  Void Ray (Chrono Boost)  
  144  13:23  Stargate  
  144  13:26  Stargate  
  140  13:32  Zealot x8  
  156  13:36  Protoss Air Weapons Level 1  
  155  13:55  Void Ray (Chrono Boost)  
  109  14:06  Zealot x8  
  109  14:07  Void Ray (Chrono Boost)  
  123  14:13  Void Ray (Chrono Boost)  
  128  14:29  Void Ray (Chrono Boost)  
  126  14:40  Void Ray (Chrono Boost)  
  124  14:52  Void Ray (Chrono Boost)  
  108  14:55  Zealot  
  108  14:56  Zealot x6  
  89  15:09  Void Ray (Chrono Boost)  
  89  15:14  Void Ray (Chrono Boost)  
  79  15:32  Zealot x3  
  79  15:34  Void Ray (Chrono Boost)  
  83  15:46  Void Ray (Chrono Boost)  
Show
View Real Time Build Order
Export as new Build Order

Serral Zerg - Winner!

Build Orders: Hatch First, Brood Lord Corruptor, Muta Ling Bane 

Get SALT Encoding   

  12  0:00  Drone  
  13  0:12  Overlord  
  13  0:17  Drone  
  14  0:30  Drone  
  14  0:31  Drone  
  16  0:36  Drone  
  17  0:50  Hatchery  
  17  0:55  Drone  
  17  0:58  Drone  
  18  1:08  Extractor  
  17  1:12  Spawning Pool  
  17  1:15  Drone  
  17  1:19  Drone  
  18  1:28  Drone  
  19  1:40  Overlord  
  19  1:50  Drone  
  20  1:59  Queen  
  20  2:00  Zergling x2  
  23  2:02  Queen  
  23  2:03  Drone  
  26  2:09  Metabolic Boost  
  26  2:10  Drone  
  26  2:13  Drone  
  28  2:23  Drone  
  28  2:24  Drone  
  30  2:35  Hatchery  
  30  2:36  Drone  
  30  2:42  Queen  
  32  2:47  Overlord  
  32  2:51  Zergling x4  
  34  2:54  Zergling x2  
  34  2:58  Zergling x2  
  36  3:06  Drone x2  
  36  3:08  Drone x2  
  36  3:09  Drone  
  41  3:17  Drone  
  41  3:18  Queen  
  43  3:23  Overlord  
  43  3:25  Spore Crawler  
  42  3:28  Overlord  
  42  3:31  Spore Crawler  
  42  3:33  Drone  
  42  3:38  Drone  
  40  3:43  Drone  
  41  3:49  Drone  
  41  3:52  Drone x2  
  44  3:58  Drone x2  
  46  4:03  Drone x2  
  46  4:05  Drone x2  
  46  4:07  Drone  
  51  4:12  Drone  
  51  4:16  Drone x2  
  53  4:18  Drone x2  
  53  4:22  Lair  
  55  4:30  Roach Warren  
  54  4:31  Overlord  
  54  4:32  Drone  
  54  4:35  Drone x2  
  54  4:37  Drone  
  54  4:38  Drone  
  59  4:42  Drone, Extractor  
  59  4:43  Drone, Extractor  
  59  4:46  Overlord  
  59  4:52  Overlord  
  59  4:53  Drone x2  
  59  4:57  Zergling x6  
  64  5:07  Overlord  
  64  5:08  Drone x4  
  64  5:10  Roach x2  
  64  5:11  Roach  
  74  5:15  Roach x2  
  74  5:19  Glial Reconstitution  
  78  5:22  Extractor  
  78  5:24  Roach  
  78  5:25  Roach  
  78  5:27  Overlord  
  80  5:30  Overlord  
  80  5:40  Roach x2  
  80  5:41  Drone x4  
  87  5:43  Drone  
  87  5:49  Roach x3  
  94  5:51  Overlord  
  94  5:53  Roach x3  
  100  5:59  Overlord x2  
  100  6:04  Roach  
  100  6:05  Roach x2  
  100  6:10  Roach  
  107  6:11  Queen  
  107  6:14  Overlord  
  107  6:16  Roach  
  111  6:22  Roach x5  
  111  6:25  Queen  
  119  6:30  Queen  
  119  6:32  Roach  
  125  6:33  Roach  
  125  6:35  Roach  
  125  6:37  Roach  
  125  6:39  Roach  
  133  6:43  Overlord x2  
  133  6:46  Overlord  
  133  6:49  Overlord  
  133  6:51  Overlord  
  130  7:05  Drone  
  130  7:06  Drone x6  
  130  7:07  Baneling Nest  
  126  7:11  Roach x5  
  130  7:25  Drone x2  
  130  7:27  Extractor  
  130  7:29  Evolution Chamber  
  130  7:35  Zergling x10  
  130  7:36  Zergling x4  
  137  7:38  Ravager  
  137  7:39  Ravager  
  137  7:40  Hatchery  
  138  7:48  Ravager  
  138  7:50  Centrifical Hooks  
  139  7:52  Zergling x20  
  139  7:56  Zerg Melee Weapons Level 1  
  149  7:59  Drone  
  149  8:00  Drone  
  149  8:02  Drone  
  152  8:08  Drone  
  152  8:12  Drone x2, Spire  
  154  8:13  Drone x3  
  154  8:14  Overlord  
  154  8:19  Hatchery  
  156  8:20  Drone  
  156  8:21  Extractor  
  156  8:23  Drone x2  
  158  8:29  Drone  
  158  8:30  Drone x4  
  158  8:33  Zergling x4  
  165  8:38  Zergling x2  
  165  8:40  Overlord  
  166  8:42  Overlord  
  166  8:52  Queen  
  166  8:55  Drone x3, Extractor  
  170  8:59  Zergling x8  
  174  9:08  Overlord  
  173  9:23  Infestation Pit, Mutalisk  
  173  9:24  Mutalisk x8  
  172  9:25  Overlord  
  172  9:26  Mutalisk  
  172  9:27  Mutalisk x3  
  172  9:29  Zergling x2  
  199  9:34  Baneling x10  
  199  9:39  Baneling x4  
  199  10:00  Hive  
  199  10:03  Baneling x12  
  199  10:10  Baneling x4  
  199  10:11  Baneling x2  
  199  10:18  Zerg Melee Weapons Level 2  
  199  10:33  Zergling x2  
  199  10:34  Zergling x2  
  200  10:40  Zergling x2  
  162  10:58  Zergling x74  
  180  11:09  Drone  
  180  11:10  Drone x5  
  178  11:14  Greater Spire  
  178  11:18  Drone  
  178  11:19  Drone x5  
  178  11:23  Queen x4, Extractor  
  191  11:26  Hatchery  
  191  11:27  Corruptor x4  
  191  11:29  Baneling x10  
  191  11:30  Baneling x11  
  198  11:42  Corruptor  
  200  11:58  Adrenal Glands  
  186  12:17  Corruptor x3  
  186  12:27  Brood Lord x3  
  186  12:29  Spine Crawler  
  187  12:30  Extractor  
  187  12:31  Drone x6, Extractor  
  187  12:32  Brood Lord  
  187  12:36  Brood Lord  
  195  12:48  Brood Lord  
  195  12:51  Brood Lord  
  195  12:56  Spine Crawler x2  
  195  12:57  Drone x5, Spore Crawler  
  191  13:02  Corruptor x3  
  197  13:12  Hatchery  
  192  13:20  Zergling x8  
  192  13:22  Corruptor  
  192  13:23  Corruptor  
  198  13:28  Overseer x2  
  198  13:49  Spire  
  198  13:50  Brood Lord  
  198  13:51  Corruptor  
  198  13:55  Zergling x4  
  189  14:12  Drone x2  
  189  14:13  Drone x3, Hatchery  
  189  14:14  Drone x2  
  193  14:21  Baneling x18, Zergling x2  
  193  14:22  Zergling x12  
  188  14:46  Zergling x2  
  188  14:47  Zergling x28  
  182  15:11  Zergling x2  
  182  15:12  Zergling x26  
  194  15:18  Hatchery  
  184  15:22  Corruptor x2  
  188  15:33  Corruptor x6  
  200  15:39  Greater Spire  

Tags
 
Add a new tag
Caveats
  • Supply blocks, unpowered buildings, or Contaminate may cause inaccurate times.
  • Supply counts are checked every 10 seconds.